 Dungeon Crawl Stone Soup version 0.22.1 (webtiles) character file.

160 MalarOregon the Firebug (level 5, -4/45 HPs)
             Began as a Hill Orc Fire Elementalist on Sept 17, 2018.
             Killed from afar by an orc wizard (8 damage)
             ... with a puff of flame
             ... on level 4 of the Dungeon.
             The game lasted 00:04:44 (2100 turns).

MalarOregon the Firebug (HOFE)                      Turns: 2100, Time: 00:04:45

Health: -4/45      AC:  2    Str: 11    XL:     5   Next: 41%
Magic:  0/7        EV: 12    Int: 16    God:
Gold:   105        SH:  0    Dex: 11    Spells: 6/7 levels left

rFire    . . .     SeeInvis .   i - +0 dagger
rCold    . . .     Gourm    .   (no shield)
rNeg     . . .     Faith    .   a - +0 robe
rPois    .         Spirit   .   (no helmet)
rElec    .         Reflect  .   (no cloak)
rCorr    .         Harm     .   (no gloves)
MR       .....                  (no boots)
Stlth    ++........             (no amulet)
HPRegen  0.15/turn              (no ring)
MPRegen  0.10/turn              (no ring)

@: no status effects
A: no striking features
a: no special abilities


You were on level 4 of the Dungeon.
You were not hungry.

You visited 1 branch of the dungeon, and saw 3 of its levels.

You collected 105 gold pieces.

Inventory:

Hand Weapons
 i - a +0 dagger (weapon)
   (You found it on level 1 of the Dungeon)
Armour
 a - a +0 robe (worn)
 o - a +0 pair of boots
   (You found it on level 2 of the Dungeon)
Scrolls
 b - 2 scrolls of remove curse {unknown}
 d - 2 scrolls of enchant armour {unknown}
 e - a scroll of magic mapping {unknown}
 g - a scroll of random uselessness {unknown}
 h - 3 scrolls of teleportation {unknown}
 j - a scroll of amnesia {unknown}
 k - a scroll of identify {unknown}
 m - a scroll of fog {unknown}
Potions
 f - 4 potions of curing {unknown}
 l - a potion of lignification {unknown}
 p - a potion of agility {unknown}
Comestibles
 c - 5 rations {!d}
 n - 3 chunks of flesh


   Skills:
 + Level 3.2 Fighting
 - Level 1.5 Dodging
 - Level 1.5 Stealth
 - Level 1.5 Spellcasting
 + Level 2.9 Conjurations
 + Level 4.6 Fire Magic


You had 6 spell levels left.
You knew the following spells:

 Your Spells              Type           Power        Failure   Level  Hunger
a - Flame Tongue          Conj/Fire      ##...        4%          1    ##.....

Your spell library contained the following spells:

 Spells                   Type           Power        Failure   Level  Hunger
 Throw Flame              Conj/Fire      ##....       7%          2    ###....
 Conjure Flame            Conj/Fire      ##......     14%         3    ####...
 Inner Flame              Hex/Fire       #.......     26%         3    ####...
 Sticky Flame             Conj/Fire      ##......     41%         4    #####..
 Fireball                 Conj/Fire      ##........   77%         5    ######.


Dungeon Overview and Level Annotations

Branches:
Dungeon (2/15)

Altars:


Message History

You barely miss the orc wizard.
You feel less confused.
The orc wizard gestures at you while chanting.
You resist with some effort.
Aim: an orc wizard, wielding a dagger and wearing a robe (lightly wounded)
The flame tongue hits the orc wizard.
The orc wizard casts a spell.
The orc wizard flickers and vanishes!
Deactivating autopickup; reactivate with Ctrl-A.
You barely miss something. Something hits you.
You hit something but do no damage.
You hear some strange, mumbled words.
A magic dart appears from out of thin air!
The magic dart hits you!
You hit something but do no damage.
An orc comes into view.
Something hits you.
The orc shouts!
You hit something. Something hits you.
You closely miss something. Something hits you.
* * * LOW HITPOINT WARNING * * *
You closely miss something. The dart slug launches a dart at you.
The slug dart hits something.
Something hits you but does no damage.
You closely miss something. Something hits you but does no damage.
Aim: an orc The flame tongue hits the orc.
You kill the orc!
You hear some strange, mumbled words.
A puff of flame appears from out of thin air!
The puff of flame hits you!
* * * LOW HITPOINT WARNING * * *
You miss something. Something hits you.
* * * LOW HITPOINT WARNING * * *
You see here a scroll labeled FIRPHY VISILICH.
You hear some strange, mumbled words.
A puff of flame appears from out of thin air!
The puff of flame hits you!
* * * LOW HITPOINT WARNING * * *
Found a club.
You hear some strange, mumbled words.
A puff of flame appears from out of thin air!
The puff of flame hits you!
You die...

#....##.###.#....
####.#.....###.#....
....................
...........o........
###.##o####..###..#
#.##.# #?.# ##. #
#{.# #.o###.....
..###.#.##
#†..)†.....
....)..@#
#.###.###..
..#..#..# #.# ..
#....... ... ##
........#. .#.#
......#.#.....#
......#.#.#.###
.......... .#
#####...# #


You could see an orc.

Vanquished Creatures
  A howler monkey (D:4)
  Jessica (D:2)
  2 adders (D:2)
  An ooze (D:1)
  2 worms (D:2)
  5 dart slugs
  A leopard gecko (D:1)
  2 orcs (D:4)
  2 ball pythons (D:4)
  3 giant cockroaches (D:1)
  8 hobgoblins
  7 bats
  5 frilled lizards
  6 goblins
  4 kobolds
  10 rats
60 creatures vanquished.

Notes
Turn   | Place    | Note
-------+----------+-------------------------------------------
     0 | D:1      | MalarOregon the Hill Orc Fire Elementalist began the quest
                  | for the Orb.
     0 | D:1      | Reached XP level 1. HP: 14/14 MP: 3/3
   116 | D:1      | Reached skill level 1 in Fighting
   116 | D:1      | Reached XP level 2. HP: 14/23 MP: 0/4
   496 | D:1      | Reached XP level 3. HP: 28/28 MP: 1/5
  1108 | D:2      | Reached skill level 4 in Fire Magic
  1193 | D:2      | Reached XP level 4. HP: 8/37 MP: 0/6
  1995 | D:2      | Noticed Jessica
  2000 | D:2      | Killed Jessica
  2000 | D:2      | Reached XP level 5. HP: 44/44 MP: 1/7
  2046 | D:2      | You fall through a shaft for 2 floors!
  2100 | D:4      | Killed from afar by an orc wizard

Skill      XL: |  1  2  3  4  5 |
---------------+----------------+-----
Fighting       | 1 2 3 |  3.2
Conjurations   | 2 |  2.9
Fire Magic     | 4 |  4.6
Dodging        | |  1.5
Stealth        | |  1.5
Spellcasting   | |  1.5

Action                   |  1- 3 |  4- 6 || total
-------------------------+-------+-------++-------
Melee: Unarmed           |    53 |       ||    53
       Dagger            |    19 |    16 ||    35
 Cast: Flame Tongue      |    59 |    39 ||    98
 Stab: Sleeping          |     1 |       ||     1
  Eat: Chunk             |     2 |     4 ||     6
Armor: Robe              |    10 |     2 ||    12
Dodge: Dodged            |    56 |    10 ||    66
